 Dungeon Crawl Stone Soup version 0.19.1-1-g22dce08 (webtiles) character file.

14817 Haldmier the Martial Artist (level 12, -5/63 HPs)
             Began as a Vine Stalker Transmuter on Dec 29, 2016.
             Was an Elder of Makhleb.
             Killed from afar by a catoblepas (7 damage)
             ... with a blast of calcifying dust
             ... on level 3 of the Lair of Beasts.
             The game lasted 01:27:59 (15061 turns).

Haldmier the Martial Artist (VSTm)                 Turns: 15061, Time: 01:28:01

Health: -5/63      AC:  2    Str: 14    XL:     12   Next: 20%
Magic:  0/27       EV: 26    Int: 17    God:    Makhleb [****..]
Gold:   874        SH:  5    Dex: 20    Spells: 6 memorised, 0 levels left

rFire  . . .     SeeInvis .       - Unarmed
rCold  . . .     Gourm    .     (armour currently unavailable)
rNeg   . . .     Faith    .     (shield currently unavailable)
rPois  .         Spirit   +     (helmet currently unavailable)
rElec  .         Reflect  +     (cloak currently unavailable)
rCorr  .         Harm     .     (gloves currently unavailable)
MR     +....                    (boots currently unavailable)
Stlth  +++.......               J - +5 amulet of reflection
                                B - ring of magical power (curse)
                                C - ring of poison resistance

@: spider-form (expiring)
A: (fangs 0), regeneration 2, magic shield, (antimagic bite), no device heal 3,
rot immunity
a: End Transformation, Minor Destruction, Lesser Servant of Makhleb, Major
Destruction, Renounce Religion


You were on level 3 of the Lair of Beasts.
You worshipped Makhleb.
Makhleb was greatly pleased with you.
You were hungry.
You were a venomous arachnid creature.
You visited 3 branches of the dungeon, and saw 15 of its levels.

You collected 874 gold pieces.

Inventory:

Hand Weapons
 a - the +7 rapier "Cooggoot" (melded) {drain, rElec Int+5}
   (You found it on level 4 of the Dungeon)

   A truly terrible weapon, it drains the life of those it strikes.
   It affects your intelligence (+5).
   It insulates you from electricity.
 b - a +1 blowgun
 s - a +2 hunting sling of flaming
Missiles
 m - 2 throwing nets
 u - 104 sling bullets
 H - 339 arrows
 M - 9 tomahawks (quivered)
 N - 25 poisoned needles
Armour
 r - a +0 cloak of magic resistance (melded)
 y - a +2 pair of gloves (melded)
 I - a +0 pair of boots (melded)
 S - a +1 ring mail of positive energy
 Z - +0 steam dragon scales (melded)
Jewellery
 B - a cursed ring of magical power (right front leg)
 C - a ring of poison resistance (left front leg)
 J - a +5 amulet of reflection (around neck)
 K - an uncursed ring of protection from fire
 W - an uncursed ring of protection from magic
 X - an uncursed ring of protection from fire
Wands
 h - a wand of paralysis (12/24)
 q - a wand of slowing (13/48)
 t - a wand of enslavement (14/24)
 z - a wand of flame (15/48)
 P - a wand of lightning (13/15)
 Y - a wand of teleportation (2/9)
Scrolls
 c - a scroll of summoning {unknown}
 o - 2 scrolls of blinking
 v - 5 scrolls of teleportation
 D - 5 scrolls of remove curse
Potions
 n - 7 potions of curing
 p - 3 potions of might
 A - a potion of cancellation {unknown}
 E - a potion of ambrosia {unknown}
 G - 2 potions of resistance
 L - 2 potions of degeneration {unknown}
 V - 3 potions of haste {unknown}
Books
 O - a book of Minor Magic

   Spells                             Type                      Level
   a - Magic Dart                     Conjuration                  1
   b - Blink                          Translocation                2
   c - Call Imp                       Summoning                    2
   d - Repel Missiles                 Charms/Air                   2
   e - Slow                           Hexes                        2
   f - Conjure Flame                  Conjuration/Fire             3
   g - Mephitic Cloud                 Conjuration/Poison/Air       3
Comestibles
 d - 9 bread rations
 f - 8 fruits
 j - a slice of pizza
 k - 13 meat rations
 x - 5 royal jellies


   Skills:
 + Level 7.4 Fighting
 + Level 6.6 Dodging
 - Level 3.5 Stealth
 + Level 10.0 Unarmed Combat
 + Level 3.3 Spellcasting
 + Level 9.1 Transmutations
 - Level 5.0 Earth Magic
 - Level 3.0 Poison Magic
 - Level 5.0 Invocations
 - Level 3.0 Evocations


You couldn't memorise any spells.
You knew the following spells:

 Your Spells              Type           Power        Failure   Level  Hunger
a - Beastly Appendage     Tmut           ####..       3%          1    None
b - Sticks to Snakes      Tmut           ####....     4%          2    ##.....
c - Spider Form           Tmut/Pois      ###.......   17%         3    ###....
d - Petrify               Tmut/Erth      ####....     28%         4    ####...
e - Blade Hands           Tmut           ####......   32%         5    ######.
f - Blink                 Tloc           N/A          52%         2    ##.....


Dungeon Overview and Level Annotations

Branches:
Dungeon (11/15)            Temple (1/1) D:4            Lair (3/6) D:11
  Snake (0/4) Lair:2
  Swamp: Lair:2-4    Shoals: Lair:2-4       Orc: D:9-12

Altars:
Ashenzari
Cheibriados
Dithmenos
Elyvilon
Fedhas
Gozag
Hepliaklqana
Kikubaaqudgha
Makhleb
Nemelex Xobeh
Okawaru
Qazlal
Ru
Sif Muna
Trog
Uskayaw
Vehumet
Xom
Yredelemnul
Zin
The Shining One

Shops:
D:4 (

Annotations:
Lair:2 exclusion: downstairs


Innate Abilities, Weirdness & Mutations

((You have razor-sharp teeth.))
You heal very quickly.
When hurt, damage is shared between your health and your magic reserves.
((Your bite disrupts and absorbs the magic of your enemies.))
Potions and wands cannot restore your health.
You are immune to rotting.


Message History

The catoblepas is severely wounded.
You block the catoblepas's attack.
You hit the catoblepas.
The catoblepas looks as sick as possible!
The catoblepas is almost dead.
The catoblepas breathes a plume of calcifying dust at you.
The blast of calcifying dust hits you!
You take 3 damage, and have 46/63 hp.
You now have 10/27 mp.
Your transformation is almost over.
The catoblepas gores you!!
You take 17 damage, and have 29/63 hp.
MASSIVE DAMAGE!!
You now have 6/27 mp.
You hit the catoblepas but do no damage.
The catoblepas looks as sick as possible!
The catoblepas is almost dead.
The catoblepas gores you!!
* * * LOW HITPOINT WARNING * * *
You take 28 damage, and have 1/63 hp.
MASSIVE DAMAGE!!
You now have 0/27 mp.
The catoblepas breathes a plume of calcifying dust at you.
The blast of calcifying dust hits you!
You die...

####.... #......# ###......
### #.....#.#####.####
#........§.......##
####...#§##......# .
##...Y###......#####
....#...§§§#.#....#...##
....<....s.§............P#
#..........§..P.P.......P.
#......###§#§........<...
#......##P§#.§..........#
#........................
##...#...#.#>......#...#.
##.........###.....#...... #
#.......#.## #......#.P...
#..#........###P...#....#....


You could see a catoblepas.

Vanquished Creatures
  A hydra (Lair:2)
  The ghost of Paps the Blocker, a novice GrFi of Okawaru (D:7)
  2 hill giants
  A deep elf mage (D:11)
  Pikel (D:6)
  Joseph (D:7)
  2 spiny frogs (Lair:1)
  A komodo dragon (Lair:1)
  2 tengu conjurers (D:11)
  A two-headed ogre (D:11)
  Grinder (D:5)
  3 hippogriffs
  A spriggan (D:11)
  2 wyverns
  Sigmund (D:5)
  Eustachio (D:4)
  A steam dragon (D:11)
  4 yaks
  2 hungry ghosts
  7 swamp worms (D:8)
  Edmund (D:5)
  3 nagas (Lair:2)
  Menkaure (D:5)
  2 water moccasins (Lair:2)
  5 porcupines
  3 orc warriors
  A sky beast (D:9)
  4 ice beasts
  2 eyes of draining (D:6)
  4 phantoms
  3 ogres
  4 wolves (Lair:1)
  6 centaurs
  3 crocodiles
  A big kobold (D:7)
  4 gnoll sergeants
  15 bullfrogs
  5 scorpions
  3 killer bees (D:10)
  3 wights (D:8)
  2 jellies
  3 crimson imps
  4 howler monkeys (D:9)
  A bullfrog zombie (D:5)
  3 orc priests
  7 hounds
  4 iguanas
  2 orc wizards
  9 worker ants
  A hound zombie (D:6)
  A howler monkey zombie (D:5)
  23 gnolls
  9 adders
  A shadow imp (D:7)
  An ooze (D:3)
  11 worms
  A dart slug (D:3)
  5 leopard geckos
  25 orcs
  4 giant cockroaches
  10 hobgoblins
  17 jackals
  21 kobolds
  3 quokkas
  4 ball pythons
  6 bats
  8 frilled lizards
  12 goblins
  A jackal skeleton (D:4)
  A leopard gecko zombie (D:6)
  2 quokka skeletons
  2 quokka zombies
  3 rats
  A plant (D:8)
317 creatures vanquished.

Vanquished Creatures (collateral kills)
  A wraith (D:11)
  An orc warrior (D:6)
  A phantom (D:5)
  Crazy Yiuf (D:6)
  An adder (D:2)
  A worm (D:8)
6 creatures vanquished.

Vanquished Creatures (others)
  A bullfrog (D:6)
  2 fungi
  2 plants
5 creatures vanquished.

Grand Total: 328 creatures vanquished

Notes
Turn   | Place    | Note
-------+----------+-------------------------------------------
     0 | D:1      | Haldmier the Vine Stalker Transmuter began the quest for the Orb.
     0 | D:1      | Reached XP level 1. HP: 9/9 MP: 4/4
   354 | D:1      | Reached XP level 2. HP: 5/14 MP: 3/6
  1043 | D:1      | Reached XP level 3. HP: 10/17 MP: 4/7
  1049 | D:1      | Reached skill level 4 in Unarmed Combat
  1530 | D:1      | Learned a level 2 spell: Sticks to Snakes
  1534 | D:1      | Learned a level 3 spell: Spider Form
  2131 | D:2      | Gained mutation: Your natural rate of healing is unusually fast. [Vine Stalker growth]
  2131 | D:2      | Reached XP level 4. HP: 20/21 MP: 8/8
  3114 | D:3      | Found a white marble altar of Elyvilon.
  3516 | D:3      | Reached skill level 1 in Poison Magic
  3586 | D:4      | Reached XP level 5. HP: 25/25 MP: 7/9
  3646 | D:4      | Noticed a phantom
  3659 | D:4      | Killed a phantom
  3659 | D:4      | Reached skill level 5 in Unarmed Combat
  3767 | D:4      | Found a staircase to the Ecumenical Temple.
  3772 | D:4      | Noticed Eustachio
  3774 | Temple   | Entered the Ecumenical Temple
  3928 | Temple   | Became a worshipper of Makhleb the Destroyer
  3991 | D:4      | Killed Eustachio
  3991 | D:4      | Reached XP level 6. HP: 11/29 MP: 1/10
  4341 | D:4      | Found Etud's Weapon Boutique.
  4350 | D:4      | Reached skill level 6 in Unarmed Combat
  4545 | D:4      | Got a polished rapier
  4552 | D:4      | Identified the +7 rapier "Cooggoot" {drain, rElec Int+5} (You found it on level 4 of the Dungeon)
  4642 | D:5      | Entered Level 5 of the Dungeon
  4717 | D:5      | Reached XP level 7. HP: 32/32 MP: 8/11
  4750 | D:5      | Reached skill level 1 in Fighting
  4881 | D:5      | Noticed Sigmund
  4891 | D:5      | Killed Sigmund
  4891 | D:5      | Reached * piety under Makhleb
  4891 | D:5      | Reached skill level 1 in Stealth
  4955 | D:5      | Noticed Menkaure
  5054 | D:5      | Killed Menkaure
  5139 | D:5      | You fall through a shaft!
  5166 | D:6      | Found a bloodstained altar of Trog.
  5171 | D:6      | Found a basalt altar of Yredelemnul.
  5190 | D:6      | Found a shimmering altar of Xom.
  5200 | D:6      | Gained mutation: You have razor-sharp teeth. [Vine Stalker growth]
  5200 | D:6      | Reached XP level 8. HP: 28/39 MP: 9/13
  5289 | D:6      | Noticed Pikel
  5440 | D:7      | Reached skill level 1 in Evocations
  5532 | D:7      | Noticed a hippogriff
  5544 | D:7      | Killed a hippogriff
  5544 | D:7      | Reached skill level 1 in Invocations
  5609 | D:7      | Noticed Joseph
  5827 | D:7      | Reached skill level 5 in Transmutations
  5913 | D:7      | Reached XP level 9. HP: 40/44 MP: 9/14
  5920 | D:7      | Reached ** piety under Makhleb
  5992 | D:7      | Reached skill level 7 in Unarmed Combat
  6086 | D:5      | Noticed Grinder
  6093 | D:5      | Paralysed by Grinder for 3 turns
  6097 | D:5      | Killed Grinder
  6099 | D:5      | Found a hazy altar of Hepliaklqana.
  6472 | D:5      | You fall through a shaft for 3 floors!
  6896 | D:5      | Noticed Edmund
  6927 | D:5      | Killed Edmund
  7180 | D:5      | Identified a scroll of acquirement
  7181 | D:5      | Got a bloodstained hat
  7187 | D:5      | Identified the +0 hat of the Everdark {-Cast rPois rN+ Dex+5} (You acquired it on level 5 of the Dungeon)
  7306 | D:6      | Killed Pikel
  7534 | D:6      | Reached XP level 10. HP: 51/51 MP: 12/15
  7594 | D:6      | Reached skill level 8 in Unarmed Combat
  7619 | D:6      | Found a bloodstained altar of Trog.
  7627 | D:6      | Reached skill level 5 in Fighting
  7634 | D:6      | Reached *** piety under Makhleb
  7752 | D:6      | Found a runed door.
  7758 | D:6      | Noticed Crazy Yiuf
  7764 | D:6      | Killed Crazy Yiuf
  8070 | D:7      | Noticed Paps's ghost (novice GrFi)
  8103 | D:7      | Killed Paps's ghost
  8135 | D:7      | Killed Joseph
  9292 | D:8      | Reached skill level 5 in Invocations
  9795 | D:8      | Reached skill level 5 in Dodging
 10739 | D:9      | Reached **** piety under Makhleb
 10742 | D:9      | Reached XP level 11. HP: 44/56 MP: 14/16
 10806 | D:9      | Reached skill level 9 in Unarmed Combat
 11333 | D:10     | Entered Level 10 of the Dungeon
 11472 | D:10     | Noticed a hill giant
 11509 | D:10     | Killed a hill giant
 11680 | D:10     | Learned a level 4 spell: Petrify
 11874 | D:10     | Reached skill level 1 in Earth Magic
 12183 | D:11     | Noticed a manticore
 12404 | D:11     | Noticed a deep elf mage
 12462 | D:11     | Killed a deep elf mage
 12582 | D:11     | Noticed a hill giant
 12654 | D:11     | Killed a hill giant
 12798 | D:11     | Found a staircase to the Lair.
 12804 | Lair:1   | Entered Level 1 of the Lair of Beasts
 12884 | Lair:1   | Learned a level 5 spell: Blade Hands
 13724 | Lair:2   | Gained mutation: You heal very quickly. [Vine Stalker growth]
 13724 | Lair:2   | Reached XP level 12. HP: 52/63 MP: 14/17
 13781 | Lair:2   | Found a staircase to the Snake Pit.
 13848 | Lair:2   | Reached skill level 10 in Unarmed Combat
 14041 | Lair:2   | Learned a level 2 spell: Blink
 14064 | Lair:2   | Got a scorched quarterstaff
 14255 | Lair:2   | Noticed a five-headed hydra
 14523 | Lair:2   | Killed a five-headed hydra
 14825 | Lair:3   | Noticed a catoblepas
 14841 | Lair:3   | Reached skill level 5 in Earth Magic
 15060 | Lair:3   | HP: 1/63 [catoblepas (29)]
 15061 | Lair:3   | Killed from afar by a catoblepas

Skill      XL: |  1  2  3  4  5  6  7  8  9 10 11 12 |
---------------+-------------------------------------+-----
Unarmed Combat | 4 5 6 7 8 9 10 | 10.0
Poison Magic   | 1 2 3 |  3.0
Transmutations | 3 4 5 6 7 8 9 |  9.1
Fighting       | 2 3 4 6 7 |  7.4
Stealth        | 2 3 |  3.5
Spellcasting   | 3 |  3.3
Evocations     | 2 3 |  3.0
Dodging        | 2 3 5 6 |  6.6
Invocations    | 2 4 5 |  5.0
Earth Magic    | 4 5 |  5.0

Action                   |  1- 3 |  4- 6 |  7- 9 | 10-12 || total
-------------------------+-------+-------+-------+-------++-------
Melee: Unarmed           |   107 |   163 |    49 |   237 ||   556
       Kick              |     7 |    24 |     8 |       ||    39
       Bite              |    14 |    32 |    43 |    93 ||   182
       Headbutt          |     6 |    10 |    25 |    69 ||   110
       Punch             |     2 |     2 |     3 |    23 ||    30
       Rapier            |       |     2 |   203 |   342 ||   547
 Fire: Blowgun           |       |       |       |    12 ||    12
 Cast: Beastly Appendage |    19 |    35 |    34 |    62 ||   150
       Sticks to Snakes  |     1 |     1 |     1 |    14 ||    17
       Spider Form       |       |     2 |     8 |    28 ||    38
       Petrify           |       |       |       |    10 ||    10
       Blade Hands       |       |       |       |     3 ||     3
Invok: Lesser Servant of |       |       |       |     1 ||     1
 Abil: Evoke Berserk Rag |       |     1 |       |       ||     1
  Use: Scroll            |       |     5 |    16 |     7 ||    28
 Stab: Sleeping          |     1 |     2 |     7 |     5 ||    15
       Distracted        |       |       |       |     2 ||     2
       Petrified         |       |       |       |    16 ||    16
  Eat: Chunk             |     4 |    11 |    12 |    31 ||    58
       Pizza             |       |       |       |     1 ||     1
Armor: Robe              |    13 |    30 |    29 |    40 ||   112
       Steam dragon scal |       |       |       |    26 ||    26
       Skin              |       |       |       |     7 ||     7
Dodge: Dodged            |    62 |    78 |   155 |   340 ||   635
Block: Other             |       |       |    56 |   131 ||   187
       Reflection        |       |       |     3 |     2 ||     5
